 Dungeon Crawl Stone Soup version 0.29-a0-810-g3812dd5c9c (webtiles) character file.

Game seed: 15102468414172291019

1924 Ayihk420 the Cleaver (level 8, -1/71 HPs)
             Began as a Minotaur Fighter on July 4, 2022.
             Was a Follower of Makhleb.
             Slain by a wight
             ... wielding a +1 great sword of freezing
              (7 damage)
             ... on level 8 of the Dungeon.
             The game lasted 00:34:44 (7259 turns).

Ayihk420 the Cleaver (Minotaur Fighter)             Turns: 7259, Time: 00:34:44

Health: -1/71      AC: 14    Str: 23    XL:     8   Next: 96%
Magic:  7/7        EV:  8    Int:  5    God:    Makhleb [*.....]
Gold:   279        SH:  4    Dex:  8    Spells: 7/7 levels left

rFire   . . .      SeeInvis .   a - +0 war axe
rCold   . . .      Faith    .   c - +0 buckler
rNeg    . . .      Spirit   .   y - +2 chain mail {Will+}
rPois   .          Reflect  .   (helmet restricted)
rElec   .          Harm     .   (no cloak)
rCorr   +          Rampage  .   (no gloves)
Will    +....                   A - +0 pair of boots
Stlth   ..........              (no amulet)
HPRegen 0.21/turn               K - ring of flight
MPRegen 0.10/turn               r - ring of resist corrosion

@: flying
A: horns 2, retaliatory headbutt, clumsy 1
a: Renounce Religion


You were on level 8 of the Dungeon.
You worshipped Makhleb.
Makhleb was aware of your devotion.
You visited 2 branches of the dungeon, and saw 9 of its levels.

You collected 279 gold pieces.

Inventory:

Hand Weapons
 a - a +0 war axe (weapon)
 f - a +0 club
 j - a +0 short sword
 l - a +2 dagger of freezing
 m - a +0 whip
 n - a +2 sling of flaming
 s - a +0 dagger
 u - a +0 spear
 C - a +0 dagger of venom
 E - a +2 short sword of venom
 F - a +0 halberd
 M - a +0 giant spiked club
 Q - a +0 war axe
Missiles
 k - 67 stones (quivered)
 o - 4 large rocks
 p - 25 poisoned darts
 v - 6 javelins
 x - 2 boomerangs
Armour
 b - a +1 scale mail
 c - a +0 buckler (worn)
 e - a +0 leather armour
 i - a +0 scale mail
 y - a +2 chain mail of willpower (worn)
 A - a +0 pair of boots (worn)
 D - a +0 helmet
 I - a +2 robe of willpower
 P - a +2 leather armour of willpower
Jewellery
 q - a ring of wizardry
 r - a ring of resist corrosion (right hand)
 K - a ring of flight (left hand)
Wands
 L - a wand of mindburst (6)
Scrolls
 g - 2 scrolls of fog
 h - a scroll of enchant armour
 B - 2 scrolls of teleportation
 G - a scroll of immolation
 N - a scroll of brand weapon
 R - 2 scrolls of noise
Potions
 d - a potion of might
 t - a potion of magic
 w - 4 potions of curing
 z - a potion of brilliance
 H - 2 potions of lignification
 J - a potion of flight
 O - a potion of invisibility


   Skills:
 + Level 6.3 Fighting
 + Level 9.8 Axes
 + Level 8.3 Armour
 + Level 1.4 Dodging
 + Level 0.4 Stealth
 + Level 5.4 Shields


You had 7 spell levels left.
You didn't know any spells.
Your spell library contained the following spells:

 Spells                   Type           Power      Damage    Failure   Level
 Ensorcelled Hibernation  Hex/Ice        0%         N/A       100%        2
 Passwall                 Tmut/Erth      0%         N/A       100%        2
 Swiftness                Air            0%         N/A       100%        3


Dungeon Overview and Level Annotations

Branches:
Dungeon (8/15)             Temple (1/1) D:5
   Lair: D:8-11

Altars:
Ashenzari
Cheibriados
Elyvilon
Fedhas
Gozag
Hepliaklqana
Makhleb
Okawaru
Qazlal
Ru
Sif Muna
Trog
Uskayaw
Vehumet
Wu Jian
Xom
Zin
The Shining One

Shops:
D:3 [   D:5 ?


Innate Abilities, Weirdness & Mutations

You have a pair of horns on your head.
You reflexively headbutt those who attack you in melee.
You are clumsy. (Dex -2)


Message History

The ogre is almost dead.
You hit the wight but do no damage. You slash the steam dragon!
You hit the wight. You barely miss the bullfrog.
The ogre hits you with a +0 giant club! The bullfrog hits you.
* * * LOW HITPOINT WARNING * * *
The steam dragon bites you but does no damage.
You block the steam dragon's attack. The wight barely misses you.
You furiously retaliate!
You headbutt the wight!
You destroy the wight!
Makhleb accepts your kill.
The bullfrog hits you but does no damage.
The ogre barely misses you. You furiously retaliate!
You headbutt the ogre!
You kill the ogre!
Makhleb accepts your kill. The steam dragon closely misses you.
The steam dragon claws you but does no damage.
The wight hits you with a +1 great sword of freezing.
* * * LOW HITPOINT WARNING * * *
You feel drained.
* * * LOW HITPOINT WARNING * * *
The wight freezes you.
* * * LOW HITPOINT WARNING * * *
The bullfrog closely misses you.
Your life force feels restored.
You fly downwards.
There is a stone staircase leading up here.
Found a cloak.
Found a broken altar of Ashenzari.
The bullfrog completely misses you. The steam dragon breathes steam at you.
The ball of steam hits you!
* * * LOW HITPOINT WARNING * * *
Found a scroll of identify.
You are engulfed in a cloud of scalding steam.
The bullfrog is engulfed in a cloud of scalding steam.
The bullfrog dies!
You feel better.
You are engulfed in a cloud of scalding steam.
* * * LOW HITPOINT WARNING * * *
The wight hits you with a +1 great sword of freezing!
You die...

.... ...[ ........+
...... #.......# ......
#......#########...###
#.................#_+ #
##.................###
.##...........<§........
$#............§zD.<.....
#............§§@.......
##....####+##.§§§.#+#..?
#.......# #.§§§§#
........# +...?.#
........# #.?...#
.#####..##..#.....#
+..........#.....#
#.[........# .+
#......##..#


You could see a steam dragon (catching breath) and a wight.

Vanquished Creatures
  Menkaure (D:4)
  Duvessa (D:4)
  A black bear (D:5)
  2 ogres
  A phantom (D:4)
  2 kobold brigands (D:6)
  4 scorpions
  2 necrophages
  3 wights (D:7)
  Dowan (D:4)
  3 hounds
  3 orc priests (D:6)
  A jelly (D:5)
  Terence (D:3)
  2 orc wizards (D:6)
  Robin (D:4)
  11 gnolls
  2 adders
  A shadow imp (D:5)
  A white imp (D:5)
  2 worms
  6 dart slugs
  19 orcs
  7 endoplasms
  2 giant cockroaches (D:1)
  18 goblins
  11 hobgoblins
  11 jackals
  19 kobolds
  5 quokkas
  3 ball pythons
  3 bats
  3 frilled lizards (D:2)
  23 rats
176 creatures vanquished.

Vanquished Creatures (others)
  A bullfrog (D:8)
1 creature vanquished.

Grand Total: 177 creatures vanquished

Notes
Turn   | Place    | Note
-------+----------+-------------------------------------------
     0 | D:1      | Ayihk420 the Minotaur Fighter began the quest for the Orb.
     0 | D:1      | Reached XP level 1. HP: 19/19 MP: 0/0
   433 | D:1      | Reached XP level 2. HP: 20/27 MP: 1/1
   891 | D:1      | Reached XP level 3. HP: 33/33 MP: 2/2
  1066 | D:1      | Found a faded altar of an unknown god.
  1362 | D:2      | Reached skill level 3 in Axes
  1500 | D:2      | Reached XP level 4. HP: 37/41 MP: 3/3
  2133 | D:3      | Reached skill level 4 in Axes
  2550 | D:3      | Found Qeur's Armour Emporium.
  2702 | D:3      | Noticed Terence
  2715 | D:3      | Killed Terence
  2716 | D:3      | Reached XP level 5. HP: 36/47 MP: 4/4
  3265 | D:4      | Noticed a phantom
  3277 | D:4      | Killed a phantom
  3278 | D:4      | Reached skill level 5 in Axes
  3371 | D:4      | Reached skill level 5 in Fighting
  3371 | D:4      | Reached skill level 5 in Armour
  3371 | D:4      | Reached XP level 6. HP: 41/56 MP: 5/5
  3643 | D:4      | Found a glowing golden altar of the Shining One.
  3738 | D:4      | Noticed Robin
  3745 | D:4      | Killed Robin
  3771 | D:4      | Found a burning altar of Makhleb.
  3789 | D:4      | Became a worshipper of Makhleb the Destroyer
  3849 | D:4      | Reached skill level 6 in Axes
  4261 | D:4      | Reached XP level 7. HP: 57/61 MP: 6/6
  4371 | D:4      | Found an opulent altar of Gozag.
  4445 | D:4      | Noticed Duvessa
  4466 | D:4      | Killed Duvessa
  4467 | D:4      | Reached skill level 1 in Dodging
  4525 | D:4      | Noticed Dowan
  4540 | D:4      | Killed Dowan
  4541 | D:4      | Reached skill level 7 in Axes
  4808 | D:4      | Noticed Menkaure
  5344 | D:4      | Killed Menkaure
  5568 | D:5      | Entered Level 5 of the Dungeon
  5673 | D:5      | Reached skill level 5 in Shields
  5688 | D:5      | Reached XP level 8. HP: 69/69 MP: 7/7
  5713 | D:5      | Reached skill level 8 in Axes
  5783 | D:5      | Found Wenul's Magic Scroll Boutique.
  5896 | D:5      | Found a staircase to the Ecumenical Temple.
  5903 | Temple   | Entered the Ecumenical Temple
  6561 | D:5      | Gained mutation: You expend magic power (3 MP) to
                  | strengthen your wands. [potion of mutation]
  6561 | D:5      | Gained mutation: You are clumsy. (Dex -2) [potion of
                  | mutation]
  6561 | D:5      | Lost mutation: You expend magic power (3 MP) to strengthen
                  | your wands. [potion of mutation]
  6901 | D:6      | Reached * piety under Makhleb
  6991 | D:6      | Found a snail-covered altar of Cheibriados.
  7151 | D:6      | Reached skill level 9 in Axes
  7214 | D:6      | You are sucked into a shaft and drop 2 floors!
  7257 | D:8      | Found a broken altar of Ashenzari.
  7257 | D:8      | HP: 2/70 [steam dragon/ball of steam (14)]
  7259 | D:8      | Slain by a wight

Illustrated notes

Levels and vault maps discovered:
D:1:      dpeg_arrival_rooms_with_view, layout_basic,
          shapermc_ecumenical_altar_notcrosses, st_stairs_11
D:2:      layout_basic, minmay_rat_hole
D:3:      layout_loops_ring, serial_shops, nicolae_shop_waterfront, uniq_terence
D:4:      layout_basic, bloody_makhleb, marbit_many_paths,
          amcnicky_altar_gilded, grunt_ministairs_12,
          eino_small_chamber_without_monster, st_stairs_5, uniq_duvessa,
          uniq_robin, uniq_menkaure
D:5:      layout_gridville, minmay_temple_entry_waves, serial_shops, shop
D:6:      cheibrodos_thug_alley, layout_rooms, slow_altar_1
D:7:      layout_basic, st_stairs_11, grunt_ministairs_12,
          hellmonk_guarded_unrand_lears
D:8:      layout_gridville, ashenzari_conservatory_becter,
          gammafunk_ghost_abyssal_escape
Temple:   cyrus_circular_temple

Skill      XL: |  1  2  3  4  5  6  7  8 |
---------------+-------------------------+-----
Fighting       | 4 5 6 |  6.3
Shields        | 4 5 |  5.4
Armour         | 4 5 6 8 |  8.3
Axes           | 3 4 5 6 7 9 |  9.8
Dodging        | 1 |  1.4
Stealth        | |  0.4

Action                   |  1- 3 |  4- 6 |  7- 9 || total
-------------------------+-------+-------+-------++-------
Melee: War axe           |    92 |   152 |   144 ||   388
       Headbutt          |    10 |    18 |    21 ||    49
  Use: Scroll            |     5 |     4 |     6 ||    15
       Potion            |     1 |     1 |     3 ||     5
Armor: Scale mail        |    42 |    31 |       ||    73
       Chain mail        |       |    39 |    81 ||   120
Dodge: Dodged            |    66 |    63 |    54 ||   183
Block: Buckler           |    20 |    30 |    26 ||    76

Table legend: (Time is in decaauts)
 A = Elapsed time spent in this place.
 B = Non-inter-level travel time spent in this place.
 C = Inter-level travel time spent in this place.
 D = Time resting spent in this place.
 E = Time spent auto-exploring this place.
 F = Levels seen in this place.
 G = Mean time per level.
                   A        B        C        D        E       F      G
               +--------+--------+--------+--------+--------+-----+--------+
         Total |   7363 |   7362 |      1 |    824 |   4457 |   9 |  818.1 |
       Dungeon |   7230 |   7229 |      1 |    824 |   4423 |   8 |  903.8 |
        Temple |    132 |    132 |      0 |      0 |     34 |   1 |  132.0 |
               +--------+--------+--------+--------+--------+-----+--------+

Top non-repeatable levels by time:
     D:3: 1798 daAuts
     D:4: 1705 daAuts
     D:1: 1270 daAuts
     D:5: 942 daAuts
     D:2: 884 daAuts
     D:6: 583 daAuts
  Temple: 132 daAuts
     D:8: 33 daAuts
     D:7: 12 daAuts
